 Dungeon Crawl Stone Soup version 0.31-a0-232-gb1c03b2570 (webtiles) character file.

Game seed: 16417985868299500223

133 qw the Shooter (level 5, -1/30 HPs)
             Began as a Gargoyle Hexslinger on July 7, 2023.
             Slain by Grinder (2 damage)
             ... while paralysed by Grinder
             ... on level 3 of the Dungeon.
             The game lasted 00:00:50 (1943 turns).

qw the Shooter (Gargoyle Hexslinger)                Turns: 1943, Time: 00:00:51

Health: -1/30      AC: 10    Str: 11    XL:     5   Next: 16%
Magic:  6/6        EV:  2    Int: 14    God:
Gold:   174        SH:  0    Dex: 14    Spells: 5/6 levels left

rFire   . . .        Y - +2 sling
rCold   . . .        (no shield)
rNeg    + . .        i - +0 leather armour
rPois   inf          (no helmet)
rElec   +            a - +1 cloak
rCorr   .            b - +0 pair of gloves
SInv    .            (no boots)
Will    .....        (no amulet)
Stlth   +            (no ring)
HPRegen 0.25/turn    (no ring)
MPRegen 0.10/turn

%: no passive effects
@: paralysed
A: sickness immunity, AC +4, negative energy resistance 1, electricity
resistance, torment resistance 1, petrification resistance
a: no special abilities


You were on level 3 of the Dungeon.
You visited 1 branch of the dungeon, and saw 3 of its levels.

You collected 174 gold pieces.


Innate Abilities, Weirdness & Mutations

You are immune to sickness and miasma.
Your stone body is resilient. (AC +4)
You are immune to poison.
You resist negative energy. (rN+)
You are resistant to electric shocks. (rElec)
You are resistant to unholy torment.
You are immune to petrification.


   Skills:
 - Level 2.0 Fighting
 + Level 4.9 Ranged Weapons
 - Level 1.5 Dodging
 - Level 1.0 Spellcasting
 - Level 2.6 Hexes


You had 5 spell levels left.
You knew the following spells:

 Your Spells              Type           Power      Damage    Failure   Level
a - Slow                  Hex            32%        N/A       12%         1

Your spell library contained the following spells:

 Spells                   Type           Power      Damage    Failure   Level
 Inner Flame              Hex/Fire       4%         N/A       52%         3
 Portal Projectile        Hex/Tloc       8%         N/A       52%         3
 Cause Fear               Hex            4%         N/A       75%         4

Inventory:

Hand Weapons
 Y - a +2 sling (weapon)
Armour
 a - a +1 cloak (worn)
 b - a +0 pair of gloves (worn)
 e - a +0 ring mail
 i - a +0 leather armour (worn)
Scrolls
 c - a scroll of blinking {unknown}
 k - 2 scrolls of fog {unknown}
Potions
 d - a potion of resistance {unknown}
 f - a potion of enlightenment {unknown}
 g - a potion of invisibility {unknown}
 h - a potion of heal wounds {unknown}
 j - a potion of curing {unknown}
 l - a potion of berserk rage {unknown}
 m - a potion of brilliance {unknown}

Dungeon Overview and Level Annotations

Branches:
Dungeon (3/15)

Altars:

Shops:
D:2 :

Annotations:
D:3 Grinder


Message History

You shoot a sling bullet.
The sling bullet closely misses Grinder.
Grinder completely misses you.
You shoot a sling bullet. The sling bullet barely misses Grinder.
Grinder hits you but does no damage.
You shoot a sling bullet. The sling bullet barely misses Grinder.
Grinder blinks!
You shoot a sling bullet. The sling bullet hits Grinder.
Grinder is lightly wounded.
You shoot a sling bullet. The sling bullet hits Grinder.
Grinder is lightly wounded.
Grinder barely misses you.
You shoot a sling bullet.
The sling bullet completely misses Grinder.
Grinder blinks!
You start resting.
Grinder is nearby!
You shoot a sling bullet. The sling bullet hits Grinder.
Grinder is moderately wounded.
You shoot a sling bullet.
The sling bullet closely misses Grinder.
Grinder hits you.
You writhe in agony.
You shoot a sling bullet. The sling bullet barely misses Grinder.
Grinder hits you.
You shoot a sling bullet.
The sling bullet closely misses Grinder.
Grinder hits you.
You shoot a sling bullet.
The sling bullet hits Grinder but does no damage.
Grinder is moderately wounded.
Grinder gestures at you. Pain shoots through your body!
You shoot a sling bullet.
The sling bullet hits Grinder but does no damage.
Grinder is moderately wounded.
Grinder hits you.
You writhe in agony.
Grinder gestures at you.
You suddenly lose the ability to move!
Grinder hits you!
You writhe in agony.
You die...

####..#..................#
......##...............###
#.#...# ...............#####
#.#..## ..................#
#.....###.............####.#
##%.....##.....#.....##
##%#.............<####
.....###.....##......#
....## ##....5@###.# .....#
#....#.# # .....# ####....
....## ####.. ....# ..~
....# ..~. ...## #..~~ ...#
~~~.7 ...#


You could see Grinder.

Vanquished Creatures
  Terence (D:2)
  A gnoll (D:3)
  3 adders (D:2)
  A worm (D:2)
  2 dart slugs
  3 orcs (D:3)
  4 bats
  5 endoplasms
  5 giant cockroaches
  8 goblins
  3 hobgoblins
  7 kobolds
  A quokka (D:3)
  6 ball pythons
  2 frilled lizards
  8 rats
60 creatures vanquished.

Notes
Turn   | Place    | Note
-------+----------+-------------------------------------------
     0 | D:1      | qw the Gargoyle Hexslinger began the quest for the Orb.
     0 | D:1      | Reached XP level 1. HP: 12/12 MP: 2/2
     0 | D:1      | 0 ||| qw: Version: 0.3-a-46-gb1f654a
     0 | D:1      | 0 ||| qw: Game counter: 2284
     0 | D:1      | 0 ||| qw: Melee chars always use a shield: true
     0 | D:1      | 0 ||| qw: God list: Okawaru
     0 | D:1      | 0 ||| qw: Allow faded altars: false
     0 | D:1      | 0 ||| qw: Do Orc after clearing Dungeon:15 true
     0 | D:1      | 0 ||| qw: Do second Lair branch before Depths: true
     0 | D:1      | 0 ||| qw: Lair rune preference: random
     0 | D:1      | 0 ||| qw: Goals: Normal
     0 | D:1      | 0 ||| PLANNING D:1-11
   121 | D:1      | Reached XP level 2. HP: 16/16 MP: 3/3
   221 | D:1      | Reached skill level 3 in Ranged Weapons
   637 | D:1      | Reached XP level 3. HP: 21/21 MP: 4/4
   765 | D:1      | 765 ||| UPGRADING to +0 leather armour.
   775 | D:1      | 775 ||| DROPPING +0 robe.
   776 | D:1      | 776 ||| READING scroll labelled SEOFFAX DEAR.
   877 | D:1      | 877 ||| READING scroll labelled RALUDO YPPAMA.
   878 | D:1      | 878 ||| READING scroll labelled UTOCZE KYMOVIV.
   879 | D:1      | 879 ||| DROPPING scroll of poison.
  1089 | D:2      | Found Gifaduf's Book Boutique.
  1130 | D:2      | Noticed Terence
  1140 | D:2      | HP: 5/21 [Terence/+0 flail (4)]
  1144 | D:2      | HP: 2/21 [Terence/+0 flail (4)]
  1153 | D:2      | HP: 2/21 [Terence/+0 flail (3)]
  1157 | D:2      | Killed Terence
  1158 | D:2      | Reached skill level 4 in Ranged Weapons
  1158 | D:2      | Reached XP level 4. HP: 4/26 MP: 5/5
  1661 | D:2      | 1661 ||| UPGRADING to +1 cloak.
  1666 | D:2      | 1666 ||| UPGRADING to +0 pair of gloves.
  1671 | D:2      | 1671 ||| READING scroll labelled QIOCVO ALEWEGHUY.
  1819 | D:3      | Reached XP level 5. HP: 30/30 MP: 6/6
  1926 | D:3      | Noticed Grinder
  1942 | D:3      | Paralysed by Grinder for 2 turns
  1943 | D:3      | HP: 1/30 [Grinder (7)]
  1943 | D:3      | Slain by Grinder

Levels and vault maps discovered:
D:1:      dpeg_arrival_fog, layout_basic, minmay_pentomino_v4
D:2:      wander_river, layout_loops_ring, serial_shops, shop, uniq_terence
D:3:      layout_rooms, fountainhead, serial_park_tiny_pond,
          chequers_serial_rivers_marsh, kennysheep_generic_room_5, uniq_grinder

Skill      XL: |  1  2  3 |
---------------+----------+-----
Ranged Weapons | 3 4 |  4.9
Fighting       | 2 |  2.0
Dodging        | |  1.5
Spellcasting   | |  1.0
Hexes          | |  2.6

Action                     |  1- 3 |  4- 6 || total
---------------------------+-------+-------++-------
   Fire: Sling             |   117 |    93 ||   210
    Use: Scroll            |     3 |     1 ||     4
 Armour: Robe              |     2 |       ||     2
         Leather armour    |    10 |    18 ||    28
  Dodge: Dodged            |    36 |    33 ||    69

Table legend:
 A = Non-vault XP
 B = Vault XP
 C = Vault XP percentage of total XP
 D = Non-vault monster count
 E = Vault monster count
 F = Vault count percentage of total count
                 A         B        C        D         E       F
            +---------+---------+-------+---------+---------+-------
      Total |     148 |      43 |  22.5 |      54 |       6 |  10.0
            +---------+---------+-------+---------+---------+-------
        D:1 |      33 |       1 |   2.9 |      20 |       1 |   4.8
        D:2 |      72 |      36 |  33.3 |      20 |       1 |   4.8
        D:3 |      43 |       6 |  12.2 |      14 |       4 |  22.2
            +---------+---------+-------+---------+---------+-------
